AoeStats
← Chigüiro

Arena

509210717Analyzed
4v4 RM · 6d ago on Sep 25, 2026· 42m 27s· 8 players
Game mode
Random Map
Map size
Large (8 player)
Population
200
Speed
Normal
Resources
Standard
Victory
Conquest
Starting age
Dark Age
Ending age
Imperial Age
RankedLock teamsTeams togetherTeam positionsShared explorationLock speedFull tech treeHidden civsTurbo modeCheats
Victory
Defeat
🇺🇸 Teutons · United States
1572
+12
🇺🇸 Vietnamese · United States
1519
+14
🇺🇸 Malay · United States
1518
+14
🇺🇸 Spanish · United States
1473
+16
🇨🇴 Maya · Colombia
1533
-15
🇦🇷 Cumans · Argentina
1496
-15
🇨🇳 Huns · China
1479
-14
🇦🇷 Britons · Argentina
1427
-12
直接肘
10:25 Feudal Age
11:11 Double-Bit Axe
11:16 Horse Collar
14:07 Castle Age
15:21 Bow Saw
15:52 Wheelbarrow
21:56 Hand Cart
27:33 Imperial Age
25:38 Padded Archer Armor
25:29 Fletching
26:11 Ballistics
26:38 Leather Archer Armor
26:26 Heavy Plow
26:18 Gold Mining
26:53 Loom
26:54 Town Watch
27:25 Thumb Ring
27:33 Bodkin Arrow
28:38 Bracer
29:40 Chemistry
29:48 Parthian Tactics
29:34 Heavy Cavalry Archer
32:54 Gold Shaft Mining
32:10 Stone Mining
32:36 Scale Mail Armor
32:46 Forging
32:17 Pikeman
32:57 Squires
32:56 Halberdier
33:52 Chain Mail Armor
34:48 Two-Man Saw
35:04 Iron Casting
34:57 Conscription
36:20 Coinage
37:30 Husbandry
37:40 Bloodlines
37:47 Light Cavalry
39:48 Blast Furnace
38:32 Hussar
Chigüiro
10:57 Feudal Age
14:42 Castle Age
12:58 Double-Bit Axe
12:55 Horse Collar
15:51 Bow Saw
17:56 Fletching
22:00 Padded Archer Armor
23:43 Leather Archer Armor
23:26 Bodkin Arrow
24:12 Gold Mining
24:54 Ballistics
25:30 Fortified Wall
25:38 Loom
26:39 Town Watch
26:57 Stone Mining
32:11 Imperial Age
32:22 Elite Plumed Archer
32:26 Pikeman
33:06 Squires
33:58 Scale Mail Armor
34:56 Conscription
36:16 Wheelbarrow
36:34 Bracer
37:38 Chain Mail Armor
36:59 Halberdier
40:10 Chemistry
40:08 Plate Mail Armor
40:38 Forging
43:18 Iron Casting
M-A
7:42 Loom
10:00 Feudal Age
17:23 Castle Age
20:02 Wheelbarrow
19:17 Double-Bit Axe
22:52 Horse Collar
24:08 Heavy Plow
26:05 Hand Cart
26:09 Bow Saw
30:22 Fletching
42:11 Imperial Age
40:13 Padded Archer Armor
40:54 Bodkin Arrow
40:33 Crossbowman
41:44 Forging
lobo
10:42 Feudal Age
14:21 Castle Age
12:35 Double-Bit Axe
14:41 Horse Collar
15:29 Bow Saw
19:10 Town Watch
21:24 Fletching
23:57 Loom
Almost600
11:15 Feudal Age
14:54 Castle Age
12:56 Double-Bit Axe
20:42 Horse Collar
21:16 Forging
27:29 Heavy Plow
27:42 Bow Saw
28:17 Loom
30:57 Iron Casting
32:30 Wheelbarrow
33:11 Gold Mining
33:52 Hand Cart
38:37 Imperial Age
35:55 Town Watch
36:14 Fletching
37:03 Scale Barding Armor
37:03 Husbandry
37:12 Bodkin Arrow
39:22 Blast Furnace
38:51 Ballistics
39:36 Chemistry
38:55 Elite Battle Elephant
40:07 Bracer
41:07 Masonry
42:19 Padded Archer Armor
42:15 Treadmill Crane
42:06 Crossbowman
42:09 Elite Skirmisher
Jaxto
8:37 Feudal Age
7:30 Loom
9:51 Fletching
14:21 Double-Bit Axe
22:14 Castle Age
22:27 Horse Collar
22:56 Bodkin Arrow
23:34 Gold Mining
26:16 Bow Saw
26:07 Heavy Plow
28:32 Wheelbarrow
34:04 Imperial Age
31:32 Guard Tower
31:52 Stone Mining
32:46 Ballistics
32:29 Padded Archer Armor
33:36 Masonry
34:07 Stone Shaft Mining
33:06 Elite Skirmisher
35:00 Leather Archer Armor
35:47 Chemistry
36:06 Hand Cart
35:36 Town Watch
36:23 Ring Archer Armor
38:15 Two-Man Saw
37:48 Crop Rotation
37:37 Imperial Skirmisher
39:18 Siege Engineers
39:00 Arrowslits
40:44 Keep
39:55 Pikeman
40:35 Squires
41:16 Scale Mail Armor
41:26 Forging
40:37 Halberdier
Thundernips, The Ultimate Gigolo
9:33 Feudal Age
14:00 Castle Age
12:18 Double-Bit Axe
13:45 Horse Collar
15:37 Heavy Plow
22:24 Padded Archer Armor
22:27 Husbandry
23:00 Bloodlines
25:37 Leather Archer Armor
26:46 Wheelbarrow
29:33 Imperial Age
31:10 Ring Archer Armor
30:35 Elite Conquistador
35:19 Hand Cart
35:19 Bow Saw
35:10 Heavy Plow
36:02 Supremacy
36:07 Fletching
36:16 Gold Mining
37:31 Two-Man Saw
36:46 Bodkin Arrow
37:13 Ballistics
37:03 Heavy Mounted Crossbowman
38:29 Loom
38:48 Bracer
39:53 Chemistry
39:49 Conscription
39:59 Thumb Ring
YOGRANNYCANTSCRAP
10:19 Feudal Age
11:31 Double-Bit Axe
13:53 Castle Age
14:18 Wheelbarrow
20:19 Hand Cart
22:54 Bow Saw
22:40 Gold Mining
27:29 Imperial Age
25:29 Horse Collar
26:34 Stone Mining
26:52 Scale Barding Armor
26:57 Forging
26:56 Loom
27:44 Bloodlines
27:34 Husbandry
28:27 Chain Barding Armor
29:59 Plate Barding Armor
31:03 Iron Casting
30:46 Chatras
31:23 Town Watch
33:06 Elite Battle Elephant
36:53 Paper Money
37:39 Fletching
37:49 Padded Archer Armor
37:39 Elite Skirmisher
38:46 Ballistics
39:27 Chemistry
38:31 Bodkin Arrow
40:42 Two-Man Saw
39:44 Town Patrol
39:47 Heavy Plow
39:31 Imperial Skirmisher
40:16 Thumb Ring
41:01 Leather Archer Armor
41:37 Bracer
42:12 Crop Rotation
Connection lost

Rejoining the realm…

Still unreachable

The connection could not be restored.

Session expired

The server has moved on; the page needs a fresh start.